 Dungeon Crawl Stone Soup version 0.23-a0-180-ga5275e7 (webtiles) character file.

285 mopl the Insei (level 6, -6/43 HPs)
             Began as a Barachi Transmuter on Sept 18, 2018.
             Mangled by a polar bear (21 damage)
             ... created by the rage of Trog
             ... on level 2 of the Dungeon.
             The game lasted 00:04:35 (2596 turns).

mopl the Insei (Barachi Transmuter)                 Turns: 2596, Time: 00:04:36

Health: -6/43      AC:  2    Str: 11    XL:     6   Next: 29%
Magic:  8/11       EV: 20    Int: 15    God:
Gold:   135        SH:  0    Dex: 18    Spells: 1/11 levels left

rFire    . . .     SeeInvis .     - Unarmed
rCold    . . .     Gourm    .   (shield currently unavailable)
rNeg     . . .     Faith    .   (armour currently unavailable)
rPois    x         Spirit   .   (helmet currently unavailable)
rElec    .         Reflect  .   (cloak currently unavailable)
rCorr    .         Harm     +   (gloves currently unavailable)
MR       .....                  (boots currently unavailable)
Stlth    ++........             e - amulet of harm
HPRegen  0.14/turn              (no ring)
MPRegen  0.12/turn              (no ring)

@: spider-form
A: tiny, +LOS, swims
a: End Transformation


You were on level 2 of the Dungeon.
You were not hungry.
You were a venomous arachnid creature.
You visited 1 branch of the dungeon, and saw 4 of its levels.

You collected 135 gold pieces.

Inventory:

Missiles
 a - 55 arrows
 p - 8 curare-tipped needles
 u - 5 tomahawks (quivered)
 x - 8 poisoned needles
Armour
 j - a +0 ring mail of fire resistance
 k - a +0 cloak (melded)
 m - a +0 pair of boots (melded)
 q - a +0 robe of magic resistance (melded)
Jewellery
 e - an amulet of harm (around neck)
Scrolls
 b - a scroll of random uselessness {unknown}
 f - a scroll of fear {unknown}
 i - 2 scrolls of identify
 l - a scroll of fog {unknown}
 n - a scroll of enchant weapon
 o - a scroll of blinking {unknown}
 r - a scroll of remove curse {unknown}
 v - a scroll of teleportation {unknown}
Potions
 c - 2 potions of curing
 g - a potion of lignification {!q}
 h - a potion of heal wounds
 s - a potion of cancellation
 t - a potion of flight
Comestibles
 d - 8 rations


   Skills:
 - Level 1.2 Fighting
 - Level 2.1 Dodging
 * Level 5.6 Unarmed Combat
 + Level 3.4 Spellcasting
 + Level 3.6 Transmutations
 + Level 1.0 Ice Magic
 - Level 2.0 Poison Magic


You had one spell level left.
You knew the following spells:

 Your Spells              Type           Power        Failure   Level  Hunger
a - Beastly Appendage     Tmut           ##....       13%         1    None
b - Spider Form           Tmut/Pois      ##........   38%         3    ###....
d - Ice Form              Ice/Tmut       #.......     78%         4    ####...
w - Sticks to Snakes      Tmut           ##......     19%         2    ##.....

Your spell library contained the following spells:

 Spells                   Type           Power        Failure   Level  Hunger
 Blade Hands              Tmut           ##........   90%         5    ######.


Dungeon Overview and Level Annotations

Branches:
Dungeon (4/15)
 Temple: D:4-7

Altars:
Makhleb
Qazlal
Trog
Uskayaw

Annotations:
D:3 2 transporters, Kuinu's ghost, amateur DrBe


Innate Abilities, Weirdness & Mutations

Shadows flee at your approach. (+LOS)
You can swim through water.
((You cover ground slowly.))
((You can hop short distances.))


Message History

Confirm with . or Enter, or press ? or * to list all spells.
You turn into a venomous arachnid creature.
Your +0 cloak melds into your body.
Your +0 pair of boots melds into your body.
Your +0 robe of magic resistance melds into your body.
You feel less resistant to hostile enchantments.
The polar bear closely misses you. The polar bear claws you.
The polar bear closely misses you. The polar bear bites you!
The polar bear misses you. The polar bear barely misses you.
Unknown command.
Okay, then.
As you read the scroll labeled WOKAIPH VONIDA, it crumbles to dust.
It is a scroll of enchant weapon.
You aren't carrying any weapons that can be enchanted.
The polar bear misses you. x2
The polar bear claws you but does no damage.
The polar bear bites you. The polar bear claws you.
The polar bear barely misses you. The polar bear closely misses you. x2
The polar bear misses you. The polar bear bites you!!
You die...

######### ##.# #.# #.#
######### #.#
#.......######.##
#.#####.........# #.#
#...#####...## #.###.#h#
#.....## #.....hs#
##....>###### #####.###
#...........#
#####.#######.....####.#
#.........# ##...## #.#
#.###.###.# ##..## #.#
#.# #.# #.###...## #.#
#.###.# #.##.....## #.#
#.##..# #.#.......## #.#
#.#...###.........)###..


You could see 2 polar bears.

Vanquished Creatures
  Sigmund (D:4)
  A howler monkey (D:3)
  A hound (D:4)
  3 oozes
  2 worms
  6 orcs (D:3)
  A giant cockroach (D:3)
  5 goblins
  4 hobgoblins
  3 quokkas (D:3)
  3 bats (D:3)
  5 frilled lizards
  8 kobolds
  A rat (D:1)
44 creatures vanquished.

Notes
Turn   | Place    | Note
-------+----------+-------------------------------------------
     0 | D:1      | mopl the Barachi Transmuter began the quest for the Orb.
     0 | D:1      | Reached XP level 1. HP: 15/15 MP: 3/3
   510 | D:1      | Reached XP level 2. HP: 21/21 MP: 3/5
   514 | D:1      | Learned a level 2 spell: Sticks to Snakes
   669 | D:2      | Found a hide-covered altar of Uskayaw.
   763 | D:2      | Found a faded altar of an unknown god.
   782 | D:2      | Became a worshipper of Trog the Wrathful
   782 | D:2      | Reached * piety under Trog
   783 | D:2      | Fell from the grace of Trog
   987 | D:2      | Reached skill level 4 in Unarmed Combat
  1366 | D:3      | Reached XP level 3. HP: 24/26 MP: 4/6
  1371 | D:3      | Learned a level 3 spell: Spider Form
  1602 | D:3      | Found a transporter.
  1604 | D:3      | Found a transporter.
  1604 | D:3      | Noticed Kuinu's ghost (amateur DrBe)
  1604 | D:3      | Noticed an ogre
  1605 | D:3      | Noticed an ogre
  1999 | D:3      | Found a burning altar of Makhleb.
  2129 | D:3      | Reached XP level 4. HP: 28/32 MP: 8/8
  2244 | D:3      | Found a stormy altar of Qazlal.
  2320 | D:4      | Noticed Sigmund
  2334 | D:4      | Killed Sigmund
  2334 | D:4      | Reached skill level 5 in Unarmed Combat
  2334 | D:4      | Reached skill level 3 in Spellcasting
  2334 | D:4      | Reached skill level 3 in Transmutations
  2334 | D:4      | Reached skill level 2 in Poison Magic
  2334 | D:4      | Reached XP level 5. HP: 15/37 MP: 3/9
  2349 | D:4      | Learned a level 4 spell: Ice Form
  2390 | D:3      | Reached XP level 6. HP: 24/43 MP: 6/11
  2536 | D:3      | Reached skill level 1 in Ice Magic
  2593 | D:3      | Noticed a polar bear
  2593 | D:3      | Noticed a black bear
  2593 | D:3      | Noticed a black bear
  2593 | D:3      | Noticed a polar bear
  2593 | D:3      | Noticed a black bear
  2593 | D:3      | Noticed a polar bear
  2596 | D:2      | Mangled by a polar bear

Vault maps used:
D:1:      minmay_arrival_cross, patterned_corridor
D:2:      lemuel_crystal_altar, chequers_ecumenical_altar_island
D:3:      nicolae_qazlal_eye_of_the_storm, gammafunk_ghost_smash, first_ration,
          bloody_makhleb
D:4:      tgw_trog, fedhas_bush_and_centaur_altar, uniq_crazy_yiuf_cottage,
          uniq_sigmund, uniq_robin

Skill      XL: |  1  2  3  4  5  6 |
---------------+-------------------+-----
Unarmed Combat | 4 5 |  5.6
Spellcasting   | 3 |  3.4
Transmutations | 3 |  3.6
Poison Magic   | 2 |  2.0
Ice Magic      | 1 |  1.0
Fighting       | |  1.2
Dodging        | |  2.1

Action                   |  1- 3 |  4- 6 || total
-------------------------+-------+-------++-------
Melee: Unarmed           |   100 |    24 ||   124
       Kick              |     4 |       ||     4
       Headbutt          |     7 |       ||     7
 Cast: Beastly Appendage |    14 |       ||    14
       Spider Form       |     3 |     4 ||     7
Invok: Renounce Religion |     1 |       ||     1
  Use: Scroll            |     5 |     1 ||     6
 Stab: Sleeping          |     1 |       ||     1
  Eat: Chunk             |     6 |     2 ||     8
Armor: Robe              |    19 |     2 ||    21
       Skin              |     1 |     1 ||     2
Dodge: Dodged            |    65 |    24 ||    89

Table legend:
 A = Non-vault XP
 B = Vault XP
 C = Vault XP percentage of total XP
 D = Non-vault monster count
 E = Vault monster count
 F = Vault count percentage of total count
                 A         B        C        D         E       F
            +---------+---------+-------+---------+---------+-------
      Total |     196 |     212 |  52.0 |      43 |       1 |   2.3
            +---------+---------+-------+---------+---------+-------
        D:1 |      15 |       0 |   0.0 |       6 |       0 |   0.0
        D:2 |      14 |       0 |   0.0 |       7 |       0 |   0.0
        D:3 |     124 |       0 |   0.0 |      29 |       0 |   0.0
        D:4 |      43 |     212 |  83.1 |       1 |       1 |  50.0
            +---------+---------+-------+---------+---------+-------
